cohdb
Replays
Latest Replays
All Replays
Popular Replays
Top Player Replays
Match Explorer
How It Works
Community
CoH3 Stats
Reddit
Sign in to upload your games and track your stats! →
Sign in with Steam
Match 41349327
Unlisted
Match 41349327
Overview
Messages
Build Orders
End
Royal Engineer Section
Construct Section Command Post
Selects Canadian Shock Battlegroup
Selects Canadian Shock Battlegroup
Infantry Section
Infantry Section
Infantry Section
Construct Platoon Command Post
Selects Attacking Spirit
Selects Canadian Shock Section
Selects Incendiary Munitions
Humber Armored Car
Infantry Training
Canadian Shock Section
Grenade Package
6-pounder Anti-tank Gun Team
Construct Company Command Post
Crusader II Medium Tank
Royal Engineer Section
Crusader II Medium Tank
Royal Engineer Section
Selects Pyrotechnics
Selects Churchill Crocodile Heavy Tank
Team Weapon Training
DeltaBravo82
ClockworkVex
我真的不是驴
Legion
0
0
Comments
sign in to comment!
No comments posted yet!